 Dungeon Crawl Stone Soup version 0.28-a0-1493-g08698888e4 (webtiles) character file.

Game seed: 1662739029333312420

64 iamoutofideas the Grasshopper (level 4, -3/34 (38) HPs)
             Began as a Gnoll Warper on Jan 12, 2022.
             Slain by a wight (9 damage)
             ... on level 2 of the Dungeon.
             The game lasted 00:03:28 (2715 turns).

iamoutofideas the Grasshopper (Gnoll Warper)        Turns: 2715, Time: 00:03:29

HP:   -3/34 (38)    AC:  7    Str: 12    XL:     4   Next: 12%
MP:   11/11         EV: 10    Int: 12    God:
Gold: 82            SH:  0    Dex: 12    Spells: 6/13 levels left

rFire   . . .      SeeInvis .   a - +0 hand axe
rCold   . . .      Faith    .   (no shield)
rNeg    . . .      Spirit   .   f - +0 scale mail
rPois   .          Reflect  .   (no helmet)
rElec   .          Harm     .   h - +0 cloak
rCorr   .          Rampage  .   (no gloves)
Will    .....                   (no boots)
Stlth   ..........              (no amulet)
HPRegen 0.11/turn               (no ring)
MPRegen 0.12/turn               (no ring)

@: heavily drained
A: fangs 1, strong nose, distributed training
a: no special abilities


You were on level 2 of the Dungeon.
You visited 1 branch of the dungeon, and saw 3 of its levels.

You collected 82 gold pieces.

Inventory:

Hand Weapons
 a - a +0 hand axe (weapon)
 l - a +0 war axe
 m - a +1 short sword of holy wrath
Missiles
 d - a boomerang of dispersal (quivered)
 k - 5 silver javelins
Armour
 b - a +0 leather armour
 f - a +0 scale mail (worn)
 h - a +0 cloak (worn)
 i - an orb of guile
Magical Staves
 g - a staff of conjuration
Wands
 n - a wand of iceblast (12)
Scrolls
 c - a scroll of blinking
 e - 2 scrolls of immolation {unknown}


   Skills:
 + Level 4.6 Fighting
 + Level 1.0 Short Blades
 + Level 1.0 Long Blades
 + Level 4.6 Axes
 + Level 1.0 Maces & Flails
 + Level 1.0 Polearms
 + Level 1.0 Staves
 + Level 1.0 Slings
 + Level 1.0 Bows
 + Level 1.0 Crossbows
 + Level 2.7 Throwing
 + Level 2.7 Armour
 + Level 4.6 Dodging
 + Level 1.0 Stealth
 + Level 1.0 Shields
 + Level 1.0 Unarmed Combat
 + Level 5.0 Spellcasting
 + Level 0.8 Conjurations
 + Level 0.8 Hexes
 + Level 0.8 Summonings
 + Level 0.8 Necromancy
 + Level 5.4 Translocations
 + Level 0.8 Transmutations
 + Level 0.8 Fire Magic
 + Level 0.8 Ice Magic
 + Level 0.8 Air Magic
 + Level 0.8 Earth Magic
 + Level 0.8 Poison Magic
 + Level 1.1 Invocations
 + Level 1.0 Evocations


You had 6 spell levels left.
You knew the following spells:

 Your Spells              Type           Power      Damage    Failure   Level
a - Blink                 Tloc           32%        N/A       16%         2
b - Teleport Other        Tloc           16%        N/A       32%         3
c - Poisonous Vapours     Pois/Air       10%        N/A       71%         2

Your spell library contained the following spells:

 Spells                   Type           Power      Damage    Failure   Level
 Gell's Gravitas          Tloc           16%        N/A       32%         3
 Lesser Beckoning         Tloc           16%        N/A       32%         3
 Corpse Rot               Necr/Air       10%        N/A       71%         2
 Sublimation of Blood     Necr           5%         N/A       71%         2
 Manifold Assault         Tloc           16%        N/A       96%         5
 Hailstorm                Conj/Ice       5%         3d4       100%        4
 Ice Form                 Ice/Tmut       5%         N/A       100%        4
 Petrify                  Tmut/Erth      5%         N/A       100%        4
 Irradiate                Conj/Tmut      2%         3d14      100%        5
 Simulacrum               Ice/Necr       2%         N/A       100%        6


Dungeon Overview and Level Annotations

Branches:
Dungeon (3/15)

Altars:

Shops:
D:2 [

Annotations:
D:2 exclusion: downstairs


Innate Abilities, Weirdness & Mutations

You have very sharp teeth.
Your uncanny sense of smell can sniff out nearby items.
Your experience applies equally to all skills.


Message History

The wight hits you but does no damage.
Throw: 4 boomerangs (disperse)
Press: ? - help, Q - select action, (/) - cycle Shift-Dir - straight line, f/p - wight
Aim: a wight, wielding a +0 war axe and wearing a +0 robe (severely damaged, 60% to hit)
You throw a boomerang of dispersal.
The boomerang of dispersal hits the wight.
The wight blinks!
The wight is almost destroyed.
Throw: 3 boomerangs (disperse)
Press: ? - help, Q - select action, (/) - cycle Shift-Dir - straight line, f/p - wight
Aim: a wight, wielding a +0 war axe and wearing a +0 robe (almost destroyed, 60% to hit)
Okay, then.
There is a stone staircase leading down, spattered with blood here.
Throw: 3 boomerangs (disperse)
Press: ? - help, Q - select action, (/) - cycle Shift-Dir - straight line, f/p - wight
Aim: a wight, wielding a +0 war axe and wearing a +0 robe (almost destroyed, 60% to hit)
You throw a boomerang of dispersal.
The boomerang of dispersal hits the wight but does no damage.
The wight is almost destroyed.
Throw: 2 boomerangs (disperse)
Press: ? - help, Q - select action, (/) - cycle Shift-Dir - straight line, f/p - wight
Aim: a wight, wielding a +0 war axe and wearing a +0 robe (almost destroyed, 60% to hit)
Okay, then.
Throw: 6 javelins (silver)
Press: ? - help, Shift-Dir - straight line, f/p - wight
Aim: a wight, wielding a +0 war axe and wearing a +0 robe (almost destroyed, 60% to hit)
You throw a silver javelin.
The silver javelin barely misses the wight.
Unknown command.
Throw: 2 boomerangs (disperse)
Press: ? - help, Q - select action, (/) - cycle Shift-Dir - straight line, f/p - wight
Aim: a wight, wielding a +0 war axe and wearing a +0 robe (almost destroyed, 60% to hit)
Okay, then.
Throw: 2 boomerangs (disperse)
Press: ? - help, Q - select action, (/) - cycle Shift-Dir - straight line, f/p - wight
Aim: a wight, wielding a +0 war axe and wearing a +0 robe (almost destroyed, 60% to hit)
You throw a boomerang of dispersal.
The boomerang of dispersal closely misses the wight.
The wight barely misses you. The wight hits you with a +0 war axe!
You die...

#### ### #..# ################.#
#..####................#
.........(.....z@......#
#..###..###.##.#######.# ###
#..###..# #.##.# #.# #..
#...##..###.##.# #.# #####.#
#............#.#######.# #.....#
#............#.#....##.####.###.#
....##.####..#...................
#...##.####..#.#.##.##.####......
#...##.......#.#.##.##.# #.#....


You could see a wight.

Vanquished Creatures
  A hound skeleton (D:3)
  2 adders
  A worm (D:2)
  5 bats
  4 endoplasms
  2 goblins
  3 hobgoblins
  2 jackals (D:3)
  A ball python (D:1)
  5 frilled lizards
  2 kobolds
  4 rats
32 creatures vanquished.

Notes
Turn   | Place    | Note
-------+----------+-------------------------------------------
     0 | D:1      | iamoutofideas the Gnoll Warper began the quest for the Orb.
     0 | D:1      | Reached XP level 1. HP: 20/20 MP: 6/6
   272 | D:1      | Reached XP level 2. HP: 22/26 MP: 7/7
   784 | D:2      | Learned a level 2 spell: Blink
   910 | D:2      | Found Etihecw's Armour Boutique.
  1247 | D:2      | HP: 1/39 [poisoned by an adder]
  1248 | D:2      | Reached skill level 5 in Spellcasting
  1248 | D:2      | Reached XP level 3. HP: 1/31 MP: 7/9
  2096 | D:2      | Learned a level 3 spell: Teleport Other
  2099 | D:2      | Learned a level 2 spell: Poisonous Vapours
  2326 | D:3      | Reached skill level 1 in Invocations
  2409 | D:3      | Found a faded altar of an unknown god.
  2528 | D:3      | Reached skill level 1 in Short Blades
  2528 | D:3      | Reached skill level 1 in Long Blades
  2528 | D:3      | Reached skill level 1 in Maces & Flails
  2528 | D:3      | Reached skill level 1 in Polearms
  2528 | D:3      | Reached skill level 1 in Staves
  2528 | D:3      | Reached skill level 1 in Slings
  2528 | D:3      | Reached skill level 1 in Bows
  2528 | D:3      | Reached skill level 1 in Crossbows
  2528 | D:3      | Reached skill level 1 in Stealth
  2528 | D:3      | Reached skill level 1 in Shields
  2528 | D:3      | Reached skill level 1 in Unarmed Combat
  2528 | D:3      | Reached skill level 1 in Evocations
  2528 | D:3      | Reached XP level 4. HP: 30/38 MP: 11/11
  2715 | D:2      | Slain by a wight

Illustrated notes

Levels and vault maps discovered:
D:1:      dpeg_arrival_arbitrary_a, layout_rooms, serial_corexii_hall,
          corexii_hall_statues_x, chequers_hall_statues_corner_a
D:2:      layout_basic, serial_shops, nicolae_shop_trees
D:3:      layout_rooms, nicolae_uskayaw_en_pointe, marbit_many_paths,
          lemuel_doored_altar, hellmonk_ecumenical_altar_dog_temple,
          serial_park_tiny_2, grunt_decor_clamped, eino_tiny_chamber

Skill      XL: |  1  2  3 |
---------------+----------+-----
Spellcasting   | 5 |  5.0
Invocations    | 1 |  1.1
Short Blades   | 1 |  1.0
Long Blades    | 1 |  1.0
Maces & Flails | 1 |  1.0
Polearms       | 1 |  1.0
Staves         | 1 |  1.0
Slings         | 1 |  1.0
Bows           | 1 |  1.0
Crossbows      | 1 |  1.0
Stealth        | 1 |  1.0
Shields        | 1 |  1.0
Unarmed Combat | 1 |  1.0
Evocations     | 1 |  1.0
Fighting       | |  4.6
Axes           | |  4.6
Throwing       | |  2.7
Armour         | |  2.7
Dodging        | |  4.6
Conjurations   | |  0.8
Hexes          | |  0.8
Summonings     | |  0.8
Necromancy     | |  0.8
Translocations | |  5.4
Transmutations | |  0.8
Fire Magic     | |  0.8
Ice Magic      | |  0.8
Air Magic      | |  0.8
Earth Magic    | |  0.8
Poison Magic   | |  0.8

Action                   |  1- 3 |  4- 6 || total
-------------------------+-------+-------++-------
Melee: Hand axe          |   107 |    15 ||   122
       Bite              |    10 |       ||    10
       Punch             |     2 |       ||     2
Throw: Boomerang         |       |     4 ||     4
       Javelin           |       |     1 ||     1
  Use: Potion            |     2 |       ||     2
       Scroll            |     1 |       ||     1
Armor: Leather armour    |    37 |       ||    37
       Skin              |     1 |       ||     1
       Scale mail        |       |     3 ||     3
Dodge: Dodged            |    74 |    12 ||    86

Table legend: (Time is in decaauts)
 A = Elapsed time spent in this place.
 B = Non-inter-level travel time spent in this place.
 C = Inter-level travel time spent in this place.
 D = Time resting spent in this place.
 E = Time spent auto-exploring this place.
 F = Levels seen in this place.
 G = Mean time per level.
                   A        B        C        D        E       F      G
               +--------+--------+--------+--------+--------+-----+--------+
         Total |   2728 |   2547 |    181 |    573 |   1532 |   3 |  909.3 |
       Dungeon |   2728 |   2547 |    181 |    573 |   1532 |   3 |  909.3 |
               +--------+--------+--------+--------+--------+-----+--------+

Top non-repeatable levels by time:
     D:2: 1628 daAuts
     D:1: 786 daAuts
     D:3: 314 daAuts
